 Dungeon Crawl Stone Soup version 0.31-a0-986-g5e6e4ef867 (webtiles) character file.

Game seed: 16158799629401662719

48 rageheart7 the Trooper (level 3, 0/46 HPs)
             Began as an Ogre Fighter on Nov 7, 2023.
             Slain by a kobold
             ... wielding a +0 whip
              (4 damage)
             ... on level 2 of the Dungeon.
             The game lasted 00:01:27 (925 turns).

rageheart7 the Trooper (Ogre Fighter)                Turns: 925, Time: 00:01:27

Health: 0/46       AC:  3    Str: 22    XL:     3   Next: 72%
Magic:  3/3        EV:  8    Int:  9    God:
Gold:   56         SH:  7    Dex:  8    Spells: 2/2 levels left

rFire   . . .        h - +1 whip (venom)
rCold   . . .        c - +0 kite shield
rNeg    . . .        b - +0 robe
rPois   .            (helmet restricted)
rElec   .            (no cloak)
rCorr   .            (gloves unavailable)
SInv    .            (boots unavailable)
Will    .....        (no amulet)
Stlth   +            (no ring)
HPRegen 0.27/turn    (no ring)
MPRegen 0.08/turn

%: no passive effects
@: no status effects
A: large, unfitting armour, tough skin 1, antennae 1, robust 1, sturdy frame 1
a: no special abilities


You were on level 2 of the Dungeon.
You visited 1 branch of the dungeon, and saw 2 of its levels.

You collected 56 gold pieces.

Inventory:

Hand Weapons
 a - a +0 trident
 h - a +1 whip of venom (weapon)
Missiles
 f - 3 stones
Armour
 b - a +0 robe (worn)
 c - a +0 kite shield (worn)
Scrolls
 e - a scroll of immolation {unknown}
Potions
 d - a potion of might


   Skills:
 * Level 5.6 Fighting
 - Level 2.6 Polearms
 - Level 2.6 Dodging
 - Level 3.0 Shields


You had 2 spell levels left.
You didn't know any spells.
Your spell library contained the following spells:

 Spells                   Type           Power      Damage    Failure   Level
 Blink                    Tloc           0%         N/A       80%         2
 Leda's Liquefaction      Hex/Erth       0%         N/A       100%        4
 Manifold Assault         Tloc           0%         N/A       100%        4
 Lee's Rapid Deconstruct  Erth           0%         3d4*      100%        5
 Bombard                  Conj/Erth      0%         9d1       100%        6


Dungeon Overview and Level Annotations

Branches:
Dungeon (2/15)

Altars:


Innate Abilities, Weirdness & Mutations

You are too large for most types of armour.
You have tough skin. (AC +1)
You have a pair of small antennae on your head.
You are robust. (+10% HP)
Your movements are slightly less encumbered by armour. (ER -2)


Message History

You are too injured to fight recklessly!
You are too injured to fight recklessly!
You are too injured to fight recklessly!
It was a potion of curing.
You feel better. You block the adder's attack.
The hobgoblin closely misses you. The kobold barely misses you.
The rat twitches its whiskers.
You barely miss the adder. The adder closely misses you.
The hobgoblin hits you. The kobold hits you with a +0 whip.
You block the rat's attack. The adder bites you.
You miss the adder. The hobgoblin hits you. The kobold closely misses you.
The rat bites you but does no damage. The adder barely misses you.
You hit the adder but do no damage.
The adder is poisoned.
The adder bites you. The hobgoblin hits you. The kobold closely misses you.
The rat bites you. The adder bites you.
* * * LOW HITPOINT WARNING * * *
You are poisoned.
The adder poisons you! You block the rat's attack.
The hobgoblin barely misses you. You block the kobold's attack.
It was a potion of mutation.
You feel extremely strange. A pair of antennae grows on your head!
You feel less encumbered by your armour.
You feel robust.
You feel sick. You block the adder's attack. You block the hobgoblin's attack.
The kobold closely misses you. The rat closely misses you.
You hit the adder.
The adder looks as sick as possible!
The adder is severely wounded.
You feel sick.
You kill the adder!
You block the hobgoblin's attack. The kobold closely misses you.
The rat closely misses you.
You closely miss the hobgoblin.
You feel sick.
You are no longer poisoned.
The kobold hits you but does no damage. You block the rat's attack.
The hobgoblin hits you.
* * * LOW HITPOINT WARNING * * *
Okay, then.
You whack the hobgoblin!
You kill the hobgoblin!
The kobold hits you with a +0 whip.
You die...

#.#....#....
#........)##
####.........#
###............# .
....##...<..#..## #.#
######.##....>..# ...#
#†.###..#...###..#
##†#####..#..[....###
#............@r.....#
###..........†.K...#..
###...#####....#........
#...##.......#.........#
.......#####.##.........
..###### #. #.........
#....# .......#..
####... #...#####. ##


You could see a kobold and a rat.

Vanquished Creatures
  An adder (D:2)
  A dart slug (D:1)
  2 ball pythons
  3 endoplasms (D:1)
  A giant cockroach (D:1)
  2 goblins
  4 hobgoblins
  9 jackals
  2 kobolds
  A quokka (D:2)
  3 bats (D:1)
  A frilled lizard (D:2)
  A rat (D:1)
31 creatures vanquished.

Notes
Turn   | Place    | Note
-------+----------+-------------------------------------------
     0 | D:1      | rageheart7 the Ogre Fighter began the quest for the Orb.
     0 | D:1      | Reached XP level 1. HP: 24/24 MP: 1/1
   182 | D:1      | Reached XP level 2. HP: 33/33 MP: 2/2
   361 | D:1      | Reached skill level 5 in Fighting
   540 | D:1      | Reached XP level 3. HP: 42/42 MP: 3/3
   922 | D:2      | Gained mutation: You have a pair of small antennae on your
                  | head. [potion of mutation]
   922 | D:2      | Gained mutation: Your movements are slightly less
                  | encumbered by armour. (ER -2) [potion of mutation]
   922 | D:2      | Gained mutation: You are robust. (+10% HP) [potion of
                  | mutation]
   925 | D:2      | Slain by a kobold

Illustrated notes

Levels and vault maps discovered:
D:1:      amcnicky_arrival_blooded_trapdoor, layout_loops_ring
D:2:      layout_rooms, basic_altar, uniq_natasha, uniq_jessica, uniq_sigmund

Skill      XL: |  1  2 |
---------------+-------+-----
Fighting       | 5 |  5.6
Polearms       | |  2.6
Dodging        | |  2.6
Shields        | |  3.0

Action                     || total
---------------------------++-------
  Melee: Trident           ||    64
         Whip              ||    18
    Use: Potion            ||     2
   Stab: Sleeping          ||     3
 Armour: Robe              ||    74
  Dodge: Dodged            ||    33
  Block: Kite shield       ||    26

Table legend: (Time is in decaauts)
 A = Elapsed time spent in this place.
 B = Non-inter-level travel time spent in this place.
 C = Inter-level travel time spent in this place.
 D = Time resting spent in this place.
 E = Time spent auto-exploring this place.
 F = Levels seen in this place.
 G = Mean time per level.
                   A        B        C        D        E       F      G
               +--------+--------+--------+--------+--------+-----+--------+
         Total |    949 |    936 |     13 |      0 |    751 |   2 |  474.5 |
       Dungeon |    949 |    936 |     13 |      0 |    751 |   2 |  474.5 |
               +--------+--------+--------+--------+--------+-----+--------+

Top non-repeatable levels by time:
     D:1: 654 daAuts
     D:2: 295 daAuts
